 Dungeon Crawl Stone Soup version 0.22-a0-299-g43f9854 (webtiles) character file.

180 sankara the Firebug (level 5, 0/35 HPs)
             Began as a Demonspawn Fire Elementalist on Mar 25, 2018.
             Slain by a goblin (3 damage)
             ... led by Robin
             ... on level 2 of the Dungeon.
             The game lasted 00:10:45 (3451 turns).

sankara the Firebug (Demonspawn Fire Elementalist)  Turns: 3451, Time: 00:10:45

Health: 0/35       AC:  2    Str:  8    XL:     5   Next: 33%
Magic:  6/9        EV: 12    Int: 18    God:
Gold:   114        SH:  0    Dex: 13    Spells: 2/10 levels left

rFire    + . .     SeeInvis .   a - +0 whip
rCold    . . .     Gourm    .   (no shield)
rNeg     . . .     Faith    .   d - +0 robe
rPois    .         Spirit   .   (helmet restricted)
rElec    .         Reflect  .   (no cloak)
rCorr    .         Harm     .   (no gloves)
MR       .....                  (no boots)
Stlth    ++........             (no amulet)
HPRegen  0.11/turn              q - ring of protection from fire {rF+, !d}
MPRegen  0.11/turn              (no ring)

@: no status effects
A: antennae 2, powered by pain 1
a: no special abilities


You were on level 2 of the Dungeon.
You were not hungry.

You visited 1 branch of the dungeon, and saw 3 of its levels.

You collected 114 gold pieces.

Inventory:

Hand Weapons
 a - a +0 whip (weapon)
   (You took it off a kobold on level 1 of the Dungeon)
 b - a +0 dagger of venom
   (You took it off a kobold on level 2 of the Dungeon)
Missiles
 e - 66 stones (quivered)
Armour
 d - a +0 robe (worn)
 j - a +0 buckler
   (You found it on level 1 of the Dungeon)
Jewellery
 q - a ring of protection from fire (left hand) {rF+, !d}
   (You found it on level 2 of the Dungeon)
Wands
 m - a wand of digging (7)
   (You found it on level 2 of the Dungeon)
Scrolls
 h - a scroll of amnesia {unknown}
 i - 4 scrolls of teleportation {unknown}
 k - a scroll of enchant armour {unknown}
 l - a scroll of enchant weapon {unknown}
 o - a scroll of magic mapping {unknown}
 p - a scroll of remove curse {unknown}
Potions
 f - 3 potions of curing {unknown}
 g - 2 potions of might {unknown}
 n - 2 potions of heal wounds {unknown}
 r - a potion of degeneration {unknown}
Comestibles
 c - 5 rations


   Skills:
 - Level 2.0 Maces & Flails
 - Level 1.7 Dodging
 - Level 1.7 Stealth
 + Level 3.1 Spellcasting
 + Level 2.7 Conjurations
 + Level 3.6 Fire Magic


You had 2 spell levels left.
You knew the following spells:

 Your Spells              Type           Power        Failure   Level  Hunger
a - Flame Tongue          Conj/Fire      ##...        4%          1    None
b - Conjure Flame         Conj/Fire      ##......     13%         3    ###....
c - Sticky Flame          Conj/Fire      ##......     41%         4    ####...


Dungeon Overview and Level Annotations

Branches:
Dungeon (3/15)

Altars:

Annotations:
D:3 Robin


Innate Abilities, Weirdness & Mutations

You have a pair of antennae on your head.
You sometimes gain a little power by taking damage.


Message History

A goblin is nearby! 2 goblins and Robin come into view. 2 goblins and 2 hobgoblins come into view.
The goblin shouts!
The hobgoblin shouts!
The goblin shouts! x3
You hear a shout! x3
Robin throws the goblin at you! The goblin barely misses you.
The goblin moves out of view.
You hear an angry hiss.
The hobgoblin shouts!
You hear an angry hiss.
A bat and 3 goblins come into view.
You miss the goblin.
The goblin shouts!
The goblin hits you with a dagger.
A ball python, a goblin and a hobgoblin come into view.
Unknown command.
You miss the goblin.
The goblin moves out of view.
The goblin hits you but does no damage.
You hit the goblin.
The goblin is moderately wounded.
The bat misses you. The goblin barely misses you.
The goblin hits you with a dagger.
Casting: Flame Tongue (safe; 4% risk of failure)
Confirm with . or Enter, or press ? or * to list all spells.
Aiming: Flame Tongue (safe; 4% risk of failure)
Press: ? - help, Shift-Dir - straight line, f - goblin
Aim: a goblin, wielding a dagger The flame tongue hits the goblin.
You kill the goblin!
The bat closely misses you. The goblin hits you.
Robin roars a battlecry!
The goblins go into a battle-frenzy!
The goblin closely misses you. The bat barely misses you.
Things that are here:
a dagger; a hunting sling; 20 stones The bat hits you but does no damage.
The bat hits you but does no damage. The bat hits you.
The bat hits you but does no damage. Robin throws the goblin at you!
The goblin hits you with a dagger.
You barely miss the goblin. The bat closely misses you.
Robin throws the goblin at you! The goblin closely misses you.
The goblin hits you with a dagger!
Casting: Flame Tongue (safe; 4% risk of failure)
Confirm with . or Enter, or press ? or * to list all spells.
Aiming: Flame Tongue (safe; 4% risk of failure)
Press: ? - help, Shift-Dir - straight line, f - goblin
Aim: a goblin, wielding a dagger (unusually strong)
The flame tongue hits the goblin.
You kill the goblin!
The bat barely misses you. The goblin hits you with a club.
The bat barely misses you. The bat closely misses you.
The goblin barely misses you.
You see here a dagger.
The bat barely misses you. Robin throws the goblin at you!
Casting: Flame Tongue (safe; 4% risk of failure)
Confirm with . or Enter, or press ? or * to list all spells.
Aiming: Flame Tongue (safe; 4% risk of failure)
Press: ? - help, Shift-Dir - straight line, f - bat
Aim: a bat The flame tongue hits the bat.
You kill the bat!
The goblin unwields an uncursed club.
The goblin wields a hunting sling.
The goblin shoots a stone.
The stone hits you.
* * * LOW HITPOINT WARNING * * *
The goblin hits you with a club.
* * * LOW HITPOINT WARNING * * *
Casting: Flame Tongue (safe; 4% risk of failure)
Confirm with . or Enter, or press ? or * to list all spells.
Aiming: Flame Tongue (safe; 4% risk of failure)
Press: ? - help, Shift-Dir - straight line, f - goblin
Aim: a goblin, wielding a club (unusually strong)
The flame tongue hits the goblin.
You kill the goblin!
Robin throws the goblin at you!
* * * LOW HITPOINT WARNING * * *
The goblin barely misses you.
You hit the goblin.
You kill the goblin!
The goblin no longer looks unusually strong.
The goblin barely misses you.
The goblin no longer looks unusually strong.
Robin throws the goblin at you!
* * * LOW HITPOINT WARNING * * *
Items here: (( )))) ? †† The goblin no longer looks unusually strong.
The goblin barely misses you.
The goblin no longer looks unusually strong.
There is a stone staircase leading up here.
The goblin hits you but does no damage.
You climb upwards.
There is a stone staircase leading down here.
Casting: Flame Tongue (safe; 4% risk of failure)
Confirm with . or Enter, or press ? or * to list all spells.
Aiming: Flame Tongue (safe; 4% risk of failure)
Press: ? - help, Shift-Dir - straight line, f - goblin
Aim: a goblin The flame tongue hits the goblin.
You kill the goblin!
The goblin hits you.
You die...

#.....# #..........
#>###.######.....#####
#.# #............#
#.###.######.....#
#.....# #.....# ##..###
####### ##..#
##.#.##################
#.###.@g.............##
##.#.#####.....#####.##
##..# #.....#####.##
##.# #...........## #.#
#.....####### #.#
#.....# ##### #.#
###.### #...<
#####.#####...# #.♣..
#.........#.### #....


You could see a goblin.

Vanquished Creatures
  3 gnolls (D:3)
  6 adders
  An ooze (D:1)
  A worm (D:2)
  3 dart slugs
  2 leopard geckos
  2 ball pythons
  8 bats
  3 giant cockroaches
  13 goblins
  3 hobgoblins
  17 jackals
  3 frilled lizards (D:2)
  7 kobolds
  5 rats
77 creatures vanquished.

Notes
Turn   | Place    | Note
-------+----------+-------------------------------------------
     0 | D:1      | sankara the Demonspawn Fire Elementalist began the quest for the Orb.
     0 | D:1      | Reached XP level 1. HP: 13/13 MP: 3/3
   328 | D:1      | Gained mutation: You sometimes gain a little power by taking damage. [demonic ancestry]
   328 | D:1      | Reached XP level 2. HP: 19/19 MP: 3/5
   766 | D:1      | Reached skill level 3 in Fire Magic
  1074 | D:2      | Gained mutation: You have a pair of small antennae on your head. [demonic ancestry]
  1074 | D:2      | Reached XP level 3. HP: 24/24 MP: 4/6
  1380 | D:2      | Reached skill level 1 in Maces & Flails
  1493 | D:2      | Reached skill level 2 in Conjurations
  1591 | D:2      | Gained mutation: You have a pair of antennae on your head. [demonic ancestry]
  1591 | D:2      | Reached XP level 4. HP: 24/30 MP: 2/8
  1739 | D:2      | HP: 6/30 [adder (3)]
  1747 | D:2      | HP: 5/30 [poisoned by an adder]
  2453 | D:2      | HP: 7/30 [poisoned by an adder]
  2802 | D:2      | Learned a level 3 spell: Conjure Flame
  2807 | D:2      | Learned a level 4 spell: Sticky Flame
  3025 | D:3      | Reached XP level 5. HP: 28/35 MP: 3/9
  3191 | D:3      | Reached skill level 3 in Spellcasting
  3306 | D:3      | Reached skill level 2 in Maces & Flails
  3425 | D:3      | Noticed Robin
  3440 | D:3      | HP: 5/35 [goblin/club (5)]
  3451 | D:2      | Slain by a goblin

Vault maps used:
D:1:      tarquinn_simple_flora_water_b
D:2:      grunt_ministairs_3
D:3:      uniq_robin, uniq_natasha, uniq_crazy_yiuf_cottage

Skill      XL: |  1  2  3  4  5 |
---------------+----------------+-----
Fire Magic     | 3 |  3.6
Maces & Flails | 1 2 |  2.0
Conjurations   | 2 |  2.7
Spellcasting   | 3 |  3.1
Dodging        | |  1.7
Stealth        | |  1.7

Action                   |  1- 3 |  4- 6 || total
-------------------------+-------+-------++-------
Melee: Spear             |    15 |       ||    15
       Whip              |    54 |    44 ||    98
 Cast: Flame Tongue      |    37 |    61 ||    98
 Stab: Sleeping          |     2 |       ||     2
  Eat: Chunk             |     3 |     5 ||     8
Armor: Robe              |    15 |    21 ||    36
Dodge: Dodged            |    53 |    71 ||   124

Table legend:
 A = Spawn XP
 B = Non-spawn XP
 C = Spawn XP percentage of total XP
 D = Spawn monster count
 E = Non-spawn monster count
 F = Spawn count percentage of total count
 G = Total turns spent on level
                    A         B        C        D         E        F      G
               +---------+---------+-------+---------+---------+-------+---------
         Total |       0 |     258 |   0.0 |       0 |      77 |   0.0 |  3451
               +---------+---------+-------+---------+---------+-------+---------
           D:1 |       0 |      37 |   0.0 |       0 |      18 |   0.0 |  1004
           D:2 |       0 |     130 |   0.0 |       0 |      36 |   0.0 |  2050
           D:3 |       0 |      91 |   0.0 |       0 |      23 |   0.0 |   397
               +---------+---------+-------+---------+---------+-------+---------

Vault maps used:
D:1:      tarquinn_simple_flora_water_b
D:2:      grunt_ministairs_3
D:3:      uniq_robin, uniq_natasha, uniq_crazy_yiuf_cottage

Table legend:
 A = Turns spent in this place as a percentage of turns spent in the entire game.
 B = Non-inter-level travel turns spent in this place as a percentage of non-inter-level travel turns spent in the entire game.
 C = Inter-level travel turns spent in this place as a percentage of turns spent in this place.
 D = Turns resting spent in this place as a percentage of non-inter-level travel turns spent in this place.
 E = Turns spent auto-exploring this place as a percentage of non-inter-level travel turns spent in this place.
 F = Non-inter-level travel turns spent in this place divided by the number of levels of this place that you've seen.
                   A       B       C       D       E      F
               +-------+-------+-------+-------+-------+----------------------
         Total | 100.0 | 100.0 |   1.2 |  51.6 |  29.0 | 1137.0
       Dungeon | 100.0 | 100.0 |   1.2 |  51.6 |  29.0 | 1137.0
               +-------+-------+-------+-------+-------+----------------------

Table legend:
 A = Kills in this place as a percentage of kills in entire the game.
 B = Kills by you in this place as a percentage of kills by you in the entire game.
 C = Kills by friends in this place as a percentage of kills by friends in the entire game.
 D = Other kills in this place as a percentage of other kills in the entire game.
 E = Experience gained in this place as a percentage of experience gained in the entire game.
 F = Experience gained in this place divided by the number of levels of this place that you have seen.
                   A       B       C       D       E      F
               +-------+-------+-------+-------+-------+----------------------
         Total | 100.0 | 100.0 |   N/A |   N/A | 100.0 |  86.0
       Dungeon | 100.0 | 100.0 |   N/A |   N/A | 100.0 |  86.0
               +-------+-------+-------+-------+-------+----------------------
